cohdb
Replays
Latest Replays
All Replays
Popular Replays
Top Player Replays
Match Explorer
How It Works
Community
CoH3 Stats
Reddit
Sign in to upload your games and track your stats! →
Sign in with Steam
Match 40944971
Unlisted
Match 40944971
Overview
Messages
Build Orders
End
Construct Weapon Support Center
M1919 Machine Gun Team
Bazooka Squad
Bazooka Squad
Infantry Support Center
M1919 Machine Gun Team
Selects Special Operations Battlegroup
Selects Smoke Screen
Smoke Screen
Construct Tank Depot
Improved M9 Bazooka Rockets
Smoke Screen
Selects M29 Weasel Recon Vehicle
Selects P-47 Anti-Infantry Loiter
P-47 Anti-Infantry Loiter
Bazooka Squad
Bazooka Squad
Selects UNKNOWN (2162291)
M4A1 Sherman Whizbang
M4A1 Sherman Whizbang
Bazooka Squad
Smoke Screen
P-47 Anti-Infantry Loiter
M4A1 Sherman Whizbang
Bazooka Squad
Construct Medical Station
Construct Medical Station
Construct Medical Station
Selects SSF Commando Squad
P-47 Anti-Infantry Loiter
Take care of yourself
ma2sin
Exf
Gravey
Stepan Pantera
Revolution
Dingus
hazee^^
0
0
Comments
sign in to comment!
No comments posted yet!